 Dungeon Crawl Stone Soup version 0.20.1 (webtiles) character file.

51 vishdafish the Digger (level 3, -4/28 HPs)
             Began as a Deep Dwarf Earth Elementalist on July 3, 2017.
             Slain by an orc
             ... wielding a +0 hand axe
              (5 damage)
             ... on level 5 of the Dungeon.
             The game lasted 00:07:15 (1178 turns).

vishdafish the Digger (DDEE)                        Turns: 1178, Time: 00:07:16

Health: -4/28      AC:  2    Str: 15    XL:     3   Next: 57%
Magic:  5/5        EV: 13    Int: 15    God:
Gold:   106        SH:  0    Dex: 13    Spells: 5/6 levels left

rFire    . . .     SeeInvis .   (no weapon)
rCold    . . .     Gourm    .   (no shield)
rNeg     . . .     Faith    .   c - +0 robe
rPois    .         Spirit   .   (no helmet)
rElec    .         Reflect  .   (no cloak)
rCorr    .         Harm     .   (no gloves)
MR       .....                  (no boots)
Stlth    ++........             (no amulet)
Regen    0.0/turn               o - +3 ring of strength
MPRegen  0.1/turn               (no ring)

@: non-regenerating
A: damage resistance, heal wounds, sense surroundings 1, no regeneration
a: Heal Wounds


You were on level 5 of the Dungeon.
You were not hungry.

You visited 1 branch of the dungeon, and saw 5 of its levels.

You collected 106 gold pieces.

Inventory:

Armour
 c - a +0 robe (worn)
Jewellery
 o - a +3 ring of strength (left hand)
Scrolls
 b - a scroll of enchant weapon {unknown}
 i - 2 scrolls of immolation
 k - 2 scrolls of remove curse
Potions
 a - a potion of brilliance {unknown}
 g - a potion of resistance {unknown}
 h - a potion of flight
 j - a potion of mutation {unknown}
 l - a potion of agility {unknown}
 m - a potion of cancellation {unknown}
 n - a potion of lignification {unknown}
Books
 e - a book of Geomancy

   Spells                             Type                      Level
   a - Sandblast                      Earth                        1
   b - Passwall                       Transmutation/Earth          2
   c - Stone Arrow                    Conjuration/Earth            3
   d - Petrify                        Transmutation/Earth          4
   e - Lee's Rapid Deconstruction     Earth                        5
Comestibles
 d - 3 bread rations
 f - a meat ration
 p - 4 chunks of flesh


   Skills:
 + Level 2.6 Dodging
 - Level 2.4 Stealth
 + Level 2.3 Spellcasting
   Level 0.8 Transmutations
 * Level 5.2 Earth Magic


You had 5 spell levels left.
You knew the following spells:

 Your Spells              Type           Power        Failure   Level  Hunger
a - Sandblast             Erth           ###...       2%          1    #......


Dungeon Overview and Level Annotations

Branches:
Dungeon (5/15)
 Temple: D:4-7

Altars:

Annotations:
D:2 Robin
D:3 Terence


Innate Abilities, Weirdness & Mutations

You are resistant to damage.
You can heal yourself by infusing magical energy.
You passively map a small area around you.
You do not regenerate.


Message History

You closely miss the orc. The orc misses you.
You barely miss the orc. The orc barely misses you.
You barely miss the orc. The orc hits you with a hand axe!
You hit the orc but do no damage. The orc closely misses you.
You hit the orc but do no damage. The orc barely misses you.
You hit the orc but do no damage. The orc hits you with a hand axe.
* * * LOW HITPOINT WARNING * * *
You hit the orc.
The orc is lightly wounded.
The orc hits you with a hand axe.
* * * LOW HITPOINT WARNING * * *
You barely miss the orc.
The orc is lightly wounded.
The orc barely misses you.
You fail to use your ability.
The orc hits you with a hand axe.
* * * LOW HITPOINT WARNING * * *
You barely miss the orc.
The orc is lightly wounded.
You fail to use your ability.
The orc hits you with a hand axe!
You die...

* * , , , ...# ,
** ** #..# * **
*, #..# , # #..#
,#.# ##..##..,,
.....
*#######..## ,,,
.......@.?# *
#######.o....?.,
#..###### , *
#..# * , #..# *
* #..#** * ,
.... , ⌠, , ...#
* ** * *


You could see an orc.

Vanquished Creatures
  2 adders (D:2)
  A giant cockroach (D:1)
  8 goblins
  8 hobgoblins
  A quokka (D:2)
  A ball python (D:1)
  3 bats (D:1)
  3 frilled lizards
  2 kobolds
  A rat (D:1)
30 creatures vanquished.

Notes
Turn   | Place    | Note
-------+----------+-------------------------------------------
     0 | D:1      | vishdafish the Deep Dwarf Earth Elementalist began the quest for the Orb.
     0 | D:1      | Reached XP level 1. HP: 15/15 MP: 3/3
   195 | D:1      | Reached XP level 2. HP: 22/22 MP: 1/5
   628 | D:2      | Reached XP level 3. HP: 24/28 MP: 4/6
   657 | D:2      | Reached skill level 5 in Earth Magic
   869 | D:2      | Noticed Robin
  1071 | D:3      | Noticed Terence
  1127 | D:4      | Noticed a scorpion
  1164 | D:5      | Entered Level 5 of the Dungeon
  1176 | D:5      | HP: 1/28 [orc/hand axe (1)]
  1178 | D:5      | Slain by an orc

Skill      XL: |  1  2  3 |
---------------+----------+-----
Spellcasting   | 2 |  2.3
Earth Magic    | 5 |  5.2
Dodging        | |  2.6
Stealth        | |  2.4
Transmutations | |  0.8

Action                   || total
-------------------------++-------
Melee: Unarmed           ||    60
 Cast: Sandblast         ||    33
 Abil: Heal Wounds       ||     2
  Use: Scroll            ||     3
       Potion            ||     1
 Stab: Sleeping          ||     1
  Eat: Chunk             ||     1
Armor: Robe              ||    11
Dodge: Dodged            ||    44
